 Dungeon Crawl Stone Soup version 0.21.1-1-g345015f (webtiles) character file.

471 inc the Shield-Bearer (level 7, -2/46 HPs)
             Began as an Octopode Fighter on June 15, 2018.
             Slain by a sky beast (3 damage)
             ... on level 5 of the Dungeon.
             The game lasted 00:04:27 (3603 turns).

inc the Shield-Bearer (Octopode Fighter)            Turns: 3603, Time: 00:04:28

Health: -2/46      AC:  1    Str: 21      XL:     7   Next: 9%
Magic:  7/7        EV: 12    Int: 10      God:    Xom [...*..]
Gold:   179        SH: 13    Dex: 12 (13) Spells: 6/6 levels left

rFire    . . .     SeeInvis +     - Unarmed
rCold    . . .     Gourm    .   a - +2 shield
rNeg     . . .     Faith    .   (helmet restricted)
rPois    .         Spirit   .   (no amulet)
rElec    .         Reflect  .   i - ring of see invisible
rCorr    .         Harm     .   (no ring)
MR       .....                  (no ring)
Stlth    ++........             (no ring)
HPRegen  0.15/turn              (no ring)
MPRegen  0.10/turn              (no ring)
                                (no ring)
                                (no ring)

@: mighty
A: almost no armour, stealthy swim, amphibious, 8 rings, constrict 8, camouflage
1, gelatinous body 1
a: Renounce Religion


You were on level 5 of the Dungeon.
You worshipped Xom.
You were a favourite toy of Xom.
You were very hungry.

You visited 1 branch of the dungeon, and saw 6 of its levels.

You collected 179 gold pieces.

Inventory:

Armour
 a - a +2 shield (worn)
Jewellery
 i - a ring of see invisible (left tentacle)
Scrolls
 e - a scroll of magic mapping {unknown}
 f - 2 scrolls of identify
 j - a scroll of noise {unknown}
 k - a scroll of immolation
 p - a scroll of blinking {unknown}
 s - a scroll of amnesia {unknown}
 u - 2 scrolls of teleportation {unknown}
 v - a scroll of fear {unknown}
Potions
 d - a potion of invisibility {unknown}
 g - a potion of magic
 h - a potion of degeneration {unknown}
 l - 2 potions of cancellation {unknown}
 o - a potion of brilliance {unknown}
 q - 2 potions of haste
 r - 2 potions of mutation {unknown}
Books
 t - a book of Changes

   Spells                             Type                      Level
   a - Beastly Appendage              Transmutation                1
   b - Sticks to Snakes               Transmutation                2
   c - Spider Form                    Transmutation/Poison         3
   d - Ice Form                       Ice/Transmutation            4
   e - Blade Hands                    Transmutation                5
Comestibles
 c - 8 rations


   Skills:
 - Level 3.0 Fighting
 - Level 3.0 Dodging
 + Level 7.8 Shields
 - Level 2.0 Unarmed Combat


You had 6 spell levels left.
You didn't know any spells.

Dungeon Overview and Level Annotations

Branches:
Dungeon (6/15)
 Temple: D:4-7

Altars:
Dithmenos
Gozag
Nemelex Xobeh
Sif Muna
Trog
Xom
Zin
The Shining One


Innate Abilities, Weirdness & Mutations

You cannot wear most types of armour.
You are very stealthy in the water. (Stealth+)
You are amphibious.
You can wear up to eight rings at the same time.
You can use your tentacles to constrict eight enemies at once.
Your skin changes colour to match your surroundings (Stealth+).
Your rubbery body absorbs attacks. (AC +1, EV +1)


Message History

You block the ball python's attack. x2
Your crimson imp completely misses the sky beast.
You block the ball python's attack. The ball python closely misses you.
The sky beast flickers out of sight for a moment.
The sky beast hits you. The sky beast shocks you.
* * * LOW HITPOINT WARNING * * *
You tentacle-slap the ball python.
You kill the ball python!
Unknown command.
You tentacle-slap the sky beast. Your squeeze misses the sky beast.
The sky beast is lightly wounded.
You block the sky beast's attack.
You bludgeon the sky beast! Your squeeze misses the sky beast.
The sky beast is heavily wounded.
The sky beast hits you.
* * * LOW HITPOINT WARNING * * *
The sky beast shocks you.
* * * LOW HITPOINT WARNING * * *
The sky beast hits you.
You die...

#############
#.).........############
.......................#
.......................#
∆
#.....Y................#
#.....5@...............#
###.......##)..........#
#.......##............
#.........##...........#
#.........##............
#.......................
.............########.#.
..=#.####....##.........
...........5....


You could see a sky beast (invisible) and a friendly crimson imp.

Vanquished Creatures
  A bullfrog (D:4)
  2 crimson imps (D:5)
  A quasit (D:5)
  2 orc priests
  2 orc wizards
  Natasha (twice) (D:3)
  A worker ant (D:5)
  5 adders
  3 worms
  2 dart slugs
  11 orcs
  3 bats
  2 giant cockroaches (D:1)
  5 goblins
  5 hobgoblins
  5 kobolds
  A quokka (D:2)
  3 ball pythons
  3 frilled lizards
  15 rats
74 creatures vanquished.

Notes
Turn   | Place    | Note
-------+----------+-------------------------------------------
     0 | D:1      | inc the Octopode Fighter began the quest for the Orb.
     0 | D:1      | Reached XP level 1. HP: 16/16 MP: 1/1
   118 | D:1      | Reached XP level 2. HP: 21/21 MP: 2/2
   480 | D:1      | Reached skill level 4 in Shields
   872 | D:2      | Reached XP level 3. HP: 21/26 MP: 3/3
  1316 | D:2      | Found a bloodstained altar of Trog.
  1506 | D:2      | Reached XP level 4. HP: 31/31 MP: 4/4
  1762 | D:2      | Found a deep blue altar of Sif Muna.
  1848 | D:3      | Found a shimmering altar of Xom.
  1849 | D:3      | Found a glowing golden altar of the Shining One.
  1852 | D:3      | Reached skill level 5 in Shields
  1863 | D:3      | Became a worshipper of Xom of Chaos
  1939 | D:3      | Found an opulent altar of Gozag.
  2029 | D:3      | Noticed Natasha
  2032 | D:3      | XOM: butterfly on damage
  2037 | D:3      | Killed Natasha
  2358 | D:3      | Reached XP level 5. HP: 35/36 MP: 5/5
  2395 | D:3      | Noticed Natasha
  2407 | D:3      | Killed Natasha
  2500 | D:3      | XOM: harmless Summ miscast
  2598 | D:4      | XOM: harmless Tloc miscast
  2731 | D:4      | Found a glowing silver altar of Zin.
  2806 | D:4      | Found a sparkling altar of Nemelex Xobeh.
  2813 | D:4      | Found a shadowy altar of Dithmenos.
  2882 | D:4      | Reached skill level 6 in Shields
  2889 | D:4      | Reached XP level 6. HP: 19/42 MP: 6/6
  2933 | D:4      | XOM: 1-stop teleportation journey
  2985 | D:4      | XOM: medium Chrm miscast
  3043 | D:5      | Entered Level 5 of the Dungeon
  3054 | D:5      | Reached skill level 7 in Shields
  3072 | D:5      | XOM: medium Fire miscast
  3176 | D:4      | XOM: medium Tmut miscast
  3231 | D:4      | XOM is BORED!
  3231 | D:4      | XOM: medium Tloc miscast
  3565 | D:5      | XOM: divination: detect items
  3572 | D:5      | Reached XP level 7. HP: 40/46 MP: 7/7
  3575 | D:5      | XOM: summons friendly crimson imp
  3603 | D:5      | HP: 1/46 [sky beast (6)]
  3603 | D:5      | Slain by a sky beast

Skill      XL: |  1  2  3  4  5  6 |
---------------+-------------------+-----
Shields        | 4 5 6 7 |  7.8
Fighting       | |  3.0
Dodging        | |  3.0
Unarmed Combat | |  2.0

Action                   |  1- 3 |  4- 6 |  7- 9 || total
-------------------------+-------+-------+-------++-------
Melee: Unarmed           |    83 |   109 |    11 ||   203
       Constrict         |    22 |    33 |     1 ||    56
       Tentacles         |    13 |    29 |     2 ||    44
       Punch             |       |     2 |     1 ||     3
  Use: Scroll            |       |     5 |       ||     5
       Potion            |       |     3 |     1 ||     4
 Stab: Sleeping          |     8 |     2 |       ||    10
  Eat: Chunk             |     2 |     2 |       ||     4
       Ration            |       |     1 |       ||     1
Armor: Skin              |     7 |     4 |       ||    11
Dodge: Dodged            |    45 |    31 |     9 ||    85
Block: Shield            |    29 |    42 |     9 ||    80
